 Dungeon Crawl Stone Soup version 0.21-a0-91-ga5031da (webtiles) character file.

86 tilp the Firebug (level 4, 0/49 HPs)
             Began as a Hill Orc Fire Elementalist on July 1, 2017.
             Succumbed to a goblin's poison
             ... on level 3 of the Dungeon.
             The game lasted 00:08:11 (2549 turns).

tilp the Firebug (Hill Orc Fire Elementalist)       Turns: 2549, Time: 00:08:12

Health: 0/49       AC:  4    Str: 15    XL:     4   Next: 50%
Magic:  7/7        EV: 12    Int: 16    God:
Gold:   104        SH:  0    Dex: 11    Spells: 3/7 levels left

rFire    . . .     SeeInvis .   i - +2 whip (elec)
rCold    . . .     Gourm    .   (no shield)
rNeg     . . .     Faith    .   a - +0 robe
rPois    .         Spirit   .   q - +0 helmet
rElec    .         Reflect  .   (no cloak)
rCorr    .         Harm     .   d - +0 pair of gloves
MR       .....                  (no boots)
Stlth    ..........             (no amulet)
HPRegen  0.16/turn              (no ring)
MPRegen  0.10/turn              (no ring)

@: berserking, lethally poisoned (0 -> -28), very quick
A: no striking features
a: no special abilities


You were on level 3 of the Dungeon.
You were not hungry.

You visited 1 branch of the dungeon, and saw 3 of its levels.

You collected 104 gold pieces.

Inventory:

Hand Weapons
 i - a +2 whip of electrocution (weapon)
 j - a +0 dagger
 l - a +0 long sword of electrocution
 n - a cursed -2 whip
Missiles
 m - 6 javelins (quivered)
Armour
 a - a +0 robe (worn)
 d - a +0 pair of gloves (worn)
 q - a +0 helmet (worn)
Jewellery
 t - a cursed ring of loudness {unknown}
Scrolls
 e - 4 scrolls of identify {unknown}
 f - a scroll of teleportation {unknown}
 h - a scroll of enchant weapon {unknown}
 r - a scroll of random uselessness {unknown}
Potions
 g - a potion of berserk rage
 k - a potion of haste {unknown}
 s - a potion of agility {unknown}
Books
 b - a book of Flames

   Spells                             Type                      Level
   a - Flame Tongue                   Conjuration/Fire             1
   b - Throw Flame                    Conjuration/Fire             2
   c - Conjure Flame                  Conjuration/Fire             3
   d - Inner Flame                    Hexes/Fire                   3
   e - Sticky Flame                   Conjuration/Fire             4
   f - Fireball                       Conjuration/Fire             5
Comestibles
 c - 3 bread rations
 o - 3 chunks of flesh
 p - a royal jelly


   Skills:
 - Level 1.5 Dodging
 - Level 1.5 Stealth
 * Level 2.4 Spellcasting
 * Level 2.1 Conjurations
 + Level 4.3 Fire Magic


You had 3 spell levels left.
You knew the following spells:

 Your Spells              Type           Power        Failure   Level  Hunger
a - Flame Tongue          Conj/Fire      ##...        5%          1    #......
b - Conjure Flame         Conj/Fire      ##......     16%         3    ###....


Dungeon Overview and Level Annotations

Branches:
Dungeon (3/15)

Altars:
Cheibriados


Message History

The frilled lizard bites you.
* * * LOW HITPOINT WARNING * * *
The adder bites you but does no damage.
Unknown command.
* * * LOW HITPOINT WARNING * * *
You feel very sick. The adder bites you.
* * * LOW HITPOINT WARNING * * *
The frilled lizard closely misses you.
Things that are here:
a club; a hobgoblin corpse It was a potion of berserk rage.
A red film seems to cover your vision as you go berserk!
You feel yourself moving faster!
You feel mighty!
* * * LOW HITPOINT WARNING * * *
You feel sick. The adder misses you. The frilled lizard barely misses you.
The adder closely misses you. The adder bites you but does no damage.
Unknown command.
You feel a strong urge to attack something.
You die...

. #######
..####.....# #
.......#).. (#
.......#.###.####
.......glS.......
......##S)(#....
...!. ###@# .
.... #.# ..< #.#
.. ##'### .
#...<#
#.<..########
#....'......+
#....########
#....#


You could see 2 adders, a goblin and a frilled lizard.

Vanquished Creatures
  An adder (D:2)
  2 adder skeletons (D:2)
  A worm (D:2)
  A leopard gecko (D:1)
  2 ball pythons
  3 bat skeletons (D:2)
  2 giant cockroaches
  17 goblins
  9 hobgoblins
  A jackal (D:2)
  8 bats
  3 frilled lizards
  A giant cockroach zombie (D:3)
  5 kobolds
  5 rats
61 creatures vanquished.

Notes
Turn   | Place    | Note
-------+----------+-------------------------------------------
     0 | D:1      | tilp the Hill Orc Fire Elementalist began the quest for the Orb.
     0 | D:1      | Reached XP level 1. HP: 14/14 MP: 3/3
   553 | D:1      | Reached XP level 2. HP: 20/20 MP: 4/4
   790 | D:1      | Found a snail-covered altar of Cheibriados.
  1174 | D:1      | Reached XP level 3. HP: 26/26 MP: 5/5
  1607 | D:2      | Learned a level 3 spell: Conjure Flame
  1632 | D:2      | Reached skill level 4 in Fire Magic
  2159 | D:2      | Reached XP level 4. HP: 31/33 MP: 7/7
  2548 | D:3      | HP: 2/49 [poisoned by a goblin]
  2549 | D:3      | Succumbed to a goblin's poison

Vault maps used:
D:1:      lightli_arrival_chessboard, cheibriados_altar_1
D:2:      cheibrodos_greedy_goblins, serial_undead, serial_undead_e,
          serial_undead_b, serial_undead_e, serial_undead_a, serial_undead_e,
          serial_undead_c, serial_undead_b, minmay_small_reverse_x
D:3:      first_bread

Skill      XL: |  1  2  3 |
---------------+----------+-----
Spellcasting   | 2 |  2.4
Conjurations   | 2 |  2.1
Fire Magic     | 4 |  4.3
Dodging        | |  1.5
Stealth        | |  1.5

Action                   |  1- 3 |  4- 6 || total
-------------------------+-------+-------++-------
Melee: Unarmed           |    11 |       ||    11
       Whip              |    86 |    56 ||   142
Throw: Javelin           |     4 |       ||     4
 Cast: Flame Tongue      |     8 |       ||     8
  Use: Potion            |       |     1 ||     1
 Stab: Sleeping          |     2 |     1 ||     3
  Eat: Chunk             |     4 |     1 ||     5
Armor: Robe              |    29 |    23 ||    52
Dodge: Dodged            |    82 |    47 ||   129
